 Dungeon Crawl Stone Soup version 0.22.1-1-ga44c0e5 (webtiles) character file.

247 Fang the Chopper (level 6, 0/39 HPs)
             Began as a Gargoyle Berserker on Oct 23, 2018.
             Was a Believer of Trog.
             Killed from afar by an orc wizard (1 damage)
             ... with a magic dart
             ... on level 4 of the Dungeon.
             The game lasted 00:03:19 (3106 turns).

Fang the Chopper (Gargoyle Berserker)               Turns: 3106, Time: 00:03:20

Health: 0/39       AC:  7    Str: 22    XL:     6   Next: 11%
Magic:  0/6        EV: 12    Int:  8    God:    Trog [**....]
Gold:   59         SH:  0    Dex:  9    Spells: 5/5 levels left

rFire    . . .     SeeInvis .   a - +0 hand axe
rCold    . . .     Gourm    .   (no shield)
rNeg     + . .     Faith    .   b - +0 animal skin
rPois    ∞         Spirit   +   (no helmet)
rElec    +         Reflect  .   v - +0 cloak (curse)
rCorr    .         Harm     .   (no gloves)
MR       .....                  (no boots)
Stlth    +.........             k - amulet of guardian spirit
HPRegen  0.13/turn              (no ring)
MPRegen  0.10/turn              (no ring)

@: slowed, very slow
A: negative energy resistance 1, electricity resistance, unbreathing,
petrification resistance, rot immunity, AC +4
a: Berserk, Trog's Hand, Renounce Religion


You were on level 4 of the Dungeon.
You worshipped Trog.
Trog was pleased with you.
You were not hungry.

You visited 1 branch of the dungeon, and saw 4 of its levels.

You collected 59 gold pieces.

Inventory:

Hand Weapons
 a - a +0 hand axe (weapon)
Armour
 b - a +0 animal skin (worn)
 v - a cursed +0 cloak (worn)
Jewellery
 k - an amulet of guardian spirit (around neck)
 n - an uncursed ring of protection from cold {unknown}
 o - an uncursed ring of protection from cold {unknown}
Scrolls
 e - 3 scrolls of enchant weapon {unknown}
 f - a scroll of fear {unknown}
 h - 7 scrolls of identify {unknown}
 i - a scroll of amnesia {unknown}
 l - 3 scrolls of remove curse {unknown}
 m - a scroll of magic mapping {unknown}
 q - a scroll of blinking {unknown}
Potions
 d - 2 potions of degeneration {unknown}
 g - a potion of haste {unknown}
 j - a potion of resistance {unknown}
 p - a potion of might {unknown}
 r - a potion of heal wounds {unknown}
 s - a potion of flight {unknown}
 t - a potion of agility
 u - a potion of curing {unknown}
Comestibles
 c - 5 rations


   Skills:
 + Level 4.5 Fighting
 + Level 4.6 Axes
 + Level 2.3 Armour
 + Level 2.6 Dodging
 + Level 1.2 Stealth


You had 5 spell levels left.
You didn't know any spells.
Your spell library was empty.

Dungeon Overview and Level Annotations

Branches:
Dungeon (4/15)
 Temple: D:4-7

Altars:
Cheibriados
Dithmenos
Gozag
Makhleb
Okawaru
Sif Muna


Innate Abilities, Weirdness & Mutations

You are resistant to torment.
Your stone body is resilient. (AC +4)
You are immune to poison.
You resist negative energy. (rN+)
You are resistant to electric shocks. (rElec)
You can survive without breathing.
You are immune to petrification.
You are immune to rotting.


Message History

The orc wizard mumbles some strange words.
The orc wizard blinks!
The orc wizard casts a spell at you. The magic dart hits you!
* * * LOW HITPOINT WARNING * * *
The orc wizard gestures at you while chanting.
You feel yourself slow down.
The orc wizard mumbles some strange words.
The orc wizard blinks!
The orc wizard gestures at you while chanting.
The magic dart hits you!
* * * LOW HITPOINT WARNING * * *
The orc wizard casts a spell.
The orc wizard blinks!
The orc wizard casts a spell at you. The magic dart hits you!
* * * LOW HITPOINT WARNING * * *
The orc wizard casts a spell at you. The magic dart hits you!
You die...

### ##### ##..
..#.. ..######.#.#
#.. .....#.#
#.#####..#.# #
#.@....o..)#.#
#.########.#.#.#
#..........)...#
#.#.#####.?#.###
#.#.#......#.######
#........>##.......
#..................
#..##..##.##.......
#..............


You could see an orc wizard.

Vanquished Creatures
  Sigmund (D:3)
  3 adders
  2 worms (D:3)
  2 leopard geckos
  2 orcs (D:4)
  3 ball pythons
  3 giant cockroaches
  6 goblins
  3 hobgoblins
  7 jackals
  4 kobolds
  A quokka (D:2)
  5 bats
  3 frilled lizards (D:1)
  8 rats
  A plant (D:1)
54 creatures vanquished.

Vanquished Creatures (others)
  A plant (D:1)
1 creature vanquished.

Grand Total: 55 creatures vanquished

Notes
Turn   | Place    | Note
-------+----------+-------------------------------------------
     0 | D:1      | Fang the Gargoyle Berserker began the quest for the Orb.
     0 | D:1      | Reached XP level 1. HP: 14/14 MP: 1/1
   142 | D:1      | Reached XP level 2. HP: 19/19 MP: 2/2
   823 | D:2      | Found a shadowy altar of Dithmenos.
   823 | D:2      | Found a deep blue altar of Sif Muna.
   823 | D:2      | Found a snail-covered altar of Cheibriados.
   823 | D:2      | Found a burning altar of Makhleb.
   823 | D:2      | Found an opulent altar of Gozag.
   904 | D:2      | Reached XP level 3. HP: 15/24 MP: 3/3
  1136 | D:2      | Reached ** piety under Trog
  1460 | D:2      | Found an iron altar of Okawaru.
  1739 | D:3      | Reached XP level 4. HP: 25/29 MP: 4/4
  2254 | D:3      | Noticed Sigmund
  2271 | D:3      | Killed Sigmund
  2271 | D:3      | Reached skill level 1 in Stealth
  2271 | D:3      | Reached XP level 5. HP: 27/34 MP: 2/5
  2271 | D:3      | Reached XP level 6. HP: 31/39 MP: 2/6
  3106 | D:4      | HP: 1/39 [orc wizard/magic dart (5)]
  3106 | D:4      | Killed from afar by an orc wizard

Skill      XL: |  1  2  3  4 |
---------------+-------------+-----
Axes           | 3 4 |  4.6
Fighting       | 4 |  4.5
Dodging        | 2 |  2.6
Stealth        | 1 |  1.2
Armour         | |  2.3

Action                   |  1- 3 |  4- 6 || total
-------------------------+-------+-------++-------
Melee: Hand axe          |   140 |    75 ||   215
Invok: Berserk           |     1 |     1 ||     2
 Stab: Sleeping          |       |     1 ||     1
  Eat: Chunk             |     4 |     5 ||     9
Armor: Animal skin       |    49 |    16 ||    65
Dodge: Dodged            |    74 |    43 ||   117
